 Dungeon Crawl Stone Soup version 0.30.0 (webtiles) character file.

Game seed: 16580271425278845050

2046 Dani the Cleaver (level 9, 0/63 HPs)
             Began as a Demonspawn Fighter on May 20, 2023.
             Was an Initiate of Okawaru.
             Slain by a boulder beetle (15 damage)
             ... on level 7 of the Dungeon.
             The game lasted 00:12:22 (6024 turns).

Dani the Cleaver (Demonspawn Fighter)               Turns: 6024, Time: 00:12:22

Health: 0/63       AC: 18    Str: 22    XL:     9   Next: 4%
Magic:  5/9        EV:  9    Int: 13    God:    Okawaru [......]
Gold:   344        SH:  4    Dex: 14    Spells: 8/8 levels left

rFire   . . .        a - +4 war axe
rCold   + . .        c - +0 buckler
rNeg    . . .        o - +6 chain mail "Serasan" {rC+}
rPois   .            (no helmet)
rElec   .            r - scarf {repulsion}
rCorr   .            p - +2 pair of gloves {infuse}
SInv    .            (no boots)
Will    .....        (no amulet) Stlth
                     l - +6 ring of strength
HPRegen 0.30/turn    (no ring)
MPRegen 0.22/turn

%: repel missiles, infuse magic (1 MP)
@: no status effects
A: powered by pain 1, magic regeneration, sturdy frame 2, bedeviling, demonic
touch 2
a: Renounce Religion


You were on level 7 of the Dungeon.
You worshipped Okawaru.
Okawaru was noncommittal.
You visited 2 branches of the dungeon, and saw 8 of its levels.

You collected 916 gold pieces.
You spent 572 gold pieces at shops.

Inventory:

Hand Weapons
 a - a +4 war axe (weapon)
Armour
 b - a +0 scale mail
 c - a +0 buckler (worn)
 n - a +0 cloak
   (You took it off Crazy Yiuf on level 3 of the Dungeon)
 o - the +6 chain mail "Serasan" (worn) {rC+}
   (You bought it in a shop on level 2 of the Dungeon)

   rC:        It protects you from cold.
 p - a +2 pair of gloves of infusion (worn)
   (You bought it in a shop on level 2 of the Dungeon)
 r - a scarf of repulsion (worn)
   (You found it on level 4 of the Dungeon)
Jewellery
 l - a +6 ring of strength (left hand)
   (You found it on level 3 of the Dungeon)
Wands
 I - a wand of iceblast (6)
   (You found it on level 7 of the Dungeon)
Scrolls
 v - a scroll of fear
 x - a scroll of fog
 y - 2 scrolls of torment
 R - 7 scrolls of identify {@r1}
 T - 5 scrolls of teleportation
Potions
 d - 4 potions of might
 e - a potion of mutation {unknown}
 f - a potion of attraction {unknown}
 g - 2 potions of heal wounds
 h - 2 potions of magic {unknown}
 i - a potion of ambrosia {unknown}
 j - 3 potions of invisibility {unknown}
 k - 3 potions of lignification {unknown}
 m - 2 potions of haste {unknown}
 q - 3 potions of degeneration {unknown}
 s - a potion of flight {unknown}
 w - 2 potions of cancellation {unknown}
 Q - 4 potions of curing {@q1}


   Skills:
 + Level 3.0 Fighting
 * Level 10.9 Axes
 + Level 2.7 Armour
 + Level 0.3 Dodging
 + Level 2.7 Shields
 + Level 0.6 Invocations


You had 8 spell levels left.
You didn't know any spells.
Your spell library contained the following spells:

 Spells                   Type           Power      Damage    Failure   Level
 Magic Dart               Conj           0%         1d3       69%         1
 Sandblast                Erth           0%         2d4       69%         1
 Passwall                 Tmut/Erth      0%         N/A       83%         2
 Mephitic Cloud           Conj/Pois/Air  0%         N/A       96%         3
 Stone Arrow              Conj/Erth      0%         3d7       96%         3
 Anguish                  Hex/Necr       0%         N/A       100%        4
 Enfeeble                 Hex            0%         N/A       100%        7
 Call Imp                 Summ           Unusable   N/A       N/A         2

Dungeon Overview and Level Annotations

Branches:
Dungeon (7/15)             Temple (1/1) D:4

Altars:
Ashenzari
Cheibriados
Dithmenos
Gozag
Kikubaaqudgha
Makhleb
Nemelex Xobeh
Okawaru
Qazlal
Sif Muna
Uskayaw
Vehumet
Xom
Yredelemnul

Shops:
D:2 [   D:3 !   D:6 *

Annotations:
D:5 1 runed translucent door, 333guts333's ghost, novice MiGl


Innate Abilities, Weirdness & Mutations

You sometimes gain a little power by taking damage.
You regenerate magic rapidly.
Your movements are less encumbered by armour. (ER -4)
Your hexes are more powerful.
Your touch may inflict irresistible damage on your foes.


Message History

Unknown command.
An orc comes into view. It is wielding a +0 trident.
The orc shouts!
You hear the faint creaking of a portcullis very nearby.
The orc hits you but does no damage.
You hit the orc.
The orc is almost dead.
You block the orc's attack.
You slash the orc!
You kill the orc!
Okawaru accepts your kill.
An orc wizard comes into view. It is wielding a +0 dagger.
The orc wizard shouts!
You hear a shout!
Things that are here:
a +0 trident; a +0 ring mail A boulder beetle comes into view.
An orc comes into view. It is wielding a +0 dagger.
The boulder beetle curls into a ball and begins rolling!
An orc comes into view. It is wielding a +0 flail.
The orc shouts!
You barely miss the orc wizard.
The orc wizard hits you with a +0 dagger.
You slash the boulder beetle!
The boulder beetle is lightly wounded.
You hit the orc wizard. The boulder beetle hits you!!
The boulder beetle stops rolling and uncurls.
The orc wizard hits you but does no damage.
You hit the orc wizard.
The orc wizard is heavily wounded.
You hit the boulder beetle but do no damage.
The boulder beetle bites you but does no damage.
The orc wizard closely misses you.
You barely miss the orc wizard.
The orc wizard is heavily wounded.
You slash the boulder beetle! The boulder beetle bites you!!
* * * LOW HITPOINT WARNING * * *
You focus on the pain.
You feel your power returning.
The orc wizard hits you but does no damage.
You are too injured to fight recklessly!
You are too injured to fight recklessly!
You slash the boulder beetle!
The boulder beetle is moderately wounded.
You closely miss the orc. You completely miss the orc wizard.
The orc hits you with a +0 dagger.
* * * LOW HITPOINT WARNING * * *
The boulder beetle bites you.
* * * LOW HITPOINT WARNING * * *
The orc wizard hits you with a +0 dagger.
* * * LOW HITPOINT WARNING * * *
You hit the boulder beetle but do no damage.
The boulder beetle is moderately wounded.
You hit the orc but do no damage. You hit the orc wizard.
The orc hits you but does no damage.
The boulder beetle bites you but does no damage.
The orc wizard hits you but does no damage.
The orc hits you but does no damage. The orc wizard closely misses you.
The boulder beetle bites you but does no damage.
You feel much better. The orc hits you with a +0 dagger.
* * * LOW HITPOINT WARNING * * *
The boulder beetle bites you but does no damage.
The orc wizard hits you with a +0 dagger.
* * * LOW HITPOINT WARNING * * *
You hit the boulder beetle but do no damage.
The boulder beetle is moderately wounded.
You slash the orc wizard!
You kill the orc wizard!
Okawaru accepts your kill.
You barely miss the orc. You block the boulder beetle's attack.
You block the orc's attack.
You hit the boulder beetle but do no damage.
The boulder beetle is moderately wounded.
You slash the orc!
You kill the orc!
Okawaru accepts your kill.
You hit the orc. You hit the boulder beetle.
The boulder beetle is heavily wounded.
You hit the orc.
You kill the orc!
Okawaru accepts your kill. The boulder beetle bites you!
* * * LOW HITPOINT WARNING * * *
You focus on the pain.
You feel your power returning.
You slash the boulder beetle!
The boulder beetle is heavily wounded.
The boulder beetle barely misses you.
The boulder beetle bites you but does no damage.
You slash the boulder beetle!
The boulder beetle is severely wounded.
You hit the boulder beetle but do no damage.
The boulder beetle is severely wounded.
The boulder beetle bites you but does no damage.
You slash the boulder beetle!
The boulder beetle is severely wounded.
The boulder beetle bites you.
* * * LOW HITPOINT WARNING * * *
You slash the boulder beetle!
The boulder beetle is almost dead.
The boulder beetle bites you!
You die...

..# ##### ..
...... #.
#...... #.#
###)...... #..
####.@)......
#.##..)##B......
#....### .......
####..###
....... #.....#
#......
##.....## #.....
#.......# .....
#.......## ##...
#........#


You could see a boulder beetle.

Vanquished Creatures
  A hornet (D:7)
  An orc warrior (D:6)
  3 sky beasts
  A black bear (D:6)
  An ogre (D:5)
  An ice beast (D:7)
  A centaur (D:5)
  A gnoll sergeant (D:6)
  3 scorpions
  A bullfrog (D:6)
  3 howler monkeys
  3 hounds
  An orc priest (D:3)
  Crazy Yiuf (D:3)
  A jelly (D:6)
  2 sleepcaps
  4 iguanas
  2 gnoll boudas
  4 orc wizards
  7 adders
  6 gnolls
  A white imp (D:7)
  An ufetubus (D:7)
  4 worms
  5 dart slugs
  7 orcs
  5 endoplasms
  4 giant cockroaches
  6 goblins
  5 hobgoblins
  7 kobolds
  A quokka (D:3)
  7 ball pythons
  6 bats
  5 frilled lizards
  6 rats
118 creatures vanquished.

Notes
Turn   | Place    | Note
-------+----------+-------------------------------------------
     0 | D:1      | Dani the Demonspawn Fighter began the quest for the Orb.
     0 | D:1      | Reached XP level 1. HP: 18/18 MP: 1/1
    21 | D:1      | Reached skill level 2 in Axes
   143 | D:1      | You fall into a shaft and drop 1 floor!
   151 | D:2      | Found Washror's Antique Armour Boutique.
   161 | D:2      | Gained mutation: Your touch may inflict minor irresistible
                  | damage on your foes. [demonic ancestry]
   161 | D:2      | Reached XP level 2. HP: 20/24 MP: 2/2
   236 | D:2      | Reached skill level 3 in Axes
   385 | D:2      | Gained mutation: You sometimes gain a little power by
                  | taking damage. [demonic ancestry]
   385 | D:2      | Reached XP level 3. HP: 28/29 MP: 3/3
  1209 | D:1      | Reached XP level 4. HP: 32/35 MP: 4/4
  1216 | D:1      | Reached skill level 4 in Axes
  1615 | D:3      | Found Gurakk's Distillery.
  1620 | D:3      | Bought a potion of curing for 30 gold pieces
  1620 | D:3      | Bought a potion of heal wounds for 50 gold pieces
  1691 | D:3      | Identified a scroll of acquirement
  1691 | D:3      | Acquired 608 gold pieces
  1737 | D:2      | Bought a garnet-studded chain mail for 275 gold pieces
  1737 | D:2      | Identified the +6 chain mail "Serasan" {rC+} (You bought it
                  | in a shop on level 2 of the Dungeon)
  1737 | D:2      | Bought a pair of runed gloves for 217 gold pieces
  1958 | D:3      | Gained mutation: You regenerate magic rapidly. [demonic
                  | ancestry]
  1958 | D:3      | Reached XP level 5. HP: 41/41 MP: 1/5
  1968 | D:3      | Reached skill level 5 in Axes
  2378 | D:3      | Found a runed translucent door.
  2379 | D:3      | Noticed Crazy Yiuf
  2386 | D:3      | Killed Crazy Yiuf
  2762 | D:4      | Noticed a sky beast
  2783 | D:4      | Killed a sky beast
  2784 | D:4      | Reached skill level 6 in Axes
  2784 | D:4      | Gained mutation: Your movements are slightly less
                  | encumbered by armour. (ER -2) [demonic ancestry]
  2784 | D:4      | Reached XP level 6. HP: 35/47 MP: 2/6
  2884 | D:4      | Found a stormy altar of Qazlal.
  3202 | D:4      | Found a broken altar of Ashenzari.
  3212 | D:4      | Found a radiant altar of Vehumet.
  3410 | D:4      | Found a staircase to the Ecumenical Temple.
  3460 | Temple   | Entered the Ecumenical Temple
  3935 | D:5      | Entered Level 5 of the Dungeon
  4065 | D:5      | Reached skill level 7 in Axes
  4065 | D:5      | Gained mutation: Your movements are less encumbered by
                  | armour. (ER -4) [demonic ancestry]
  4065 | D:5      | Reached XP level 7. HP: 52/52 MP: 4/7
  4205 | D:5      | Reached skill level 8 in Axes
  4251 | D:5      | Found an opulent altar of Gozag.
  4488 | D:5      | Found a runed translucent door.
  4488 | D:5      | Noticed 333guts333's ghost (novice MiGl)
  4900 | D:6      | Found Edeziof's General Store.
  5008 | D:6      | Gained mutation: Your hexes are more powerful. [demonic
                  | ancestry]
  5008 | D:6      | Reached XP level 8. HP: 58/58 MP: 4/8
  5118 | D:6      | Reached skill level 9 in Axes
  5492 | D:6      | Reached skill level 10 in Axes
  5879 | D:7      | Noticed a hornet
  5886 | D:7      | Killed a hornet
  5891 | D:7      | Found an iron altar of Okawaru.
  5892 | D:7      | Found an ancient bone altar of Kikubaaqudgha.
  5896 | D:7      | Became a worshipper of Warmaster Okawaru
  5953 | D:7      | Gained mutation: Your touch may inflict irresistible damage
                  | on your foes. [demonic ancestry]
  5953 | D:7      | Reached XP level 9. HP: 63/63 MP: 5/9
  6008 | D:7      | Noticed a boulder beetle
  6014 | D:7      | HP: 15/63 [boulder beetle (4)]
  6023 | D:7      | HP: 15/63 [boulder beetle (6)]
  6024 | D:7      | Slain by a boulder beetle

Illustrated notes

Levels and vault maps discovered:
D:1:      dpeg_arrival_court, layout_basic
D:2:      layout_loops_cross, serial_shops, shop_fountains,
          chequers_serial_rivers_small_3
D:3:      layout_basic, serial_shops, nicolae_shop_tiny_statue_garden,
          minmay_fractal_squares_diagonal_5, uniq_crazy_yiuf_cottage
D:4:      layout_layer_cave, nicolae_vehumet_altar_sigil,
          mainiacjoe_overflow_boulevard, nicolae_qazlal_eye_of_the_storm,
          minmay_temple_entry_glass, hex_large
D:5:      layout_basic, kennysheep_mini, ebering_ghost_reflecting_pool,
          nicolae_concentric_dashed_squares_wild
D:6:      layout_basic, serial_shops, nicolae_shop_hallway_stairs
D:7:      layout_cave_pods, minitemple,
          chequers_temple_overflow_statue_of_worship, enter_bailey_1
Temple:   nicolae_temple_bog_church

Skill      XL: |  1  2  3  4  5  6  7  8 |
---------------+-------------------------+-----
Axes           | 2 3 4 6 7 8 10 | 10.9
Fighting       | |  3.0
Armour         | |  2.7
Dodging        | |  0.3
Shields        | |  2.7
Invocations    | |  0.6

Action                     |  1- 3 |  4- 6 |  7- 9 || total
---------------------------+-------+-------+-------++-------
  Melee: War axe           |   105 |   120 |   149 ||   374
    Use: Scroll            |     6 |     5 |     5 ||    16
         Potion            |       |       |     1 ||     1
 Armour: Scale mail        |    48 |    15 |       ||    63
         Chain mail        |       |    55 |    94 ||   149
  Dodge: Dodged            |    43 |    40 |    44 ||   127
  Block: Buckler           |    31 |    27 |    22 ||    80

Levels and vault maps discovered:
D:1:      dpeg_arrival_court, layout_basic
D:2:      layout_loops_cross, serial_shops, shop_fountains,
          chequers_serial_rivers_small_3
D:3:      layout_basic, serial_shops, nicolae_shop_tiny_statue_garden,
          minmay_fractal_squares_diagonal_5, uniq_crazy_yiuf_cottage
D:4:      layout_layer_cave, nicolae_vehumet_altar_sigil,
          mainiacjoe_overflow_boulevard, nicolae_qazlal_eye_of_the_storm,
          minmay_temple_entry_glass, hex_large
D:5:      layout_basic, kennysheep_mini, ebering_ghost_reflecting_pool,
          nicolae_concentric_dashed_squares_wild
D:6:      layout_basic, serial_shops, nicolae_shop_hallway_stairs
D:7:      layout_cave_pods, minitemple,
          chequers_temple_overflow_statue_of_worship, enter_bailey_1
Temple:   nicolae_temple_bog_church

Table legend: (Time is in decaauts)
 A = Elapsed time spent in this place.
 B = Non-inter-level travel time spent in this place.
 C = Inter-level travel time spent in this place.
 D = Time resting spent in this place.
 E = Time spent auto-exploring this place.
 F = Levels seen in this place.
 G = Mean time per level.
                   A        B        C        D        E       F      G
               +--------+--------+--------+--------+--------+-----+--------+
         Total |   6120 |   5857 |    263 |      0 |   4645 |   8 |  765.0 |
       Dungeon |   5955 |   5711 |    244 |      0 |   4508 |   7 |  850.7 |
        Temple |    165 |    146 |     19 |      0 |    136 |   1 |  165.0 |
               +--------+--------+--------+--------+--------+-----+--------+

Top non-repeatable levels by time:
     D:4: 1147 daAuts
     D:3: 1073 daAuts
     D:5: 971 daAuts
     D:2: 872 daAuts
     D:6: 859 daAuts
     D:1: 757 daAuts
     D:7: 272 daAuts
  Temple: 165 daAuts

Table legend:
 A = Kills in this place as a percentage of kills in the entire game.
 B = Kills by you in this place as a percentage of kills by you in the entire game.
 C = Kills by friends in this place as a percentage of kills by friends in the entire game.
 D = Other kills in this place as a percentage of other kills in the entire game.
 E = Experience gained in this place as a percentage of experience gained in the entire game.
 F = Experience gained in this place divided by the number of levels of this place that you have seen.
                   A       B       C       D       E      F
               +-------+-------+-------+-------+-------+----------------------
         Total | 100.0 | 100.0 |   N/A |   N/A | 100.0 | 365.4
       Dungeon | 100.0 | 100.0 |   N/A |   N/A | 100.0 | 417.6
               +-------+-------+-------+-------+-------+----------------------
